 Dungeon Crawl Stone Soup version 0.28-a0-794-gafe8c5f9e9 (webtiles) character file.

Game seed: 10787718551619712783

5308 cheechan the Cleaver (level 10, -2/92 HPs)
             Began as a Naga Fighter on Nov 5, 2021.
             Was an Elder of Okawaru.
             Slain by a two-headed ogre (17 damage)
             ... on level 9 of the Dungeon.
             The game lasted 00:33:52 (8254 turns).

cheechan the Cleaver (Naga Fighter)                 Turns: 8254, Time: 00:33:52

Health: -2/92      AC: 15    Str: 25    XL:     10   Next: 64%
Magic:  10/10      EV: 14    Int:  4    God:    Okawaru [****..]
Gold:   589        SH:  0    Dex: 10    Spells: 9/9 levels left

rFire   + . .      SeeInvis +   B - +3 war axe (vorpal)
rCold   . . .      Faith    .   c - +0 buckler
rNeg    + + +      Spirit   .   r - +0 acid dragon scales
rPois   +          Reflect  .   p - +2 helmet {SInv}
rElec   .          Harm     .   h - +2 cloak
rCorr   +          Rampage  .   s - +0 pair of gloves
Will    +....      Clarity  +   (no barding)
Stlth   +.........              A - amulet "Ewutseis" {Acrobat Str+2}
HPRegen 0.25/turn               E - ring of the Traitor {rF+ rN+++ Int-4}
MPRegen 0.12/turn               u - +4 ring of evasion

@: confused, ambrosia-drunk, very slow
A: AC +3, large, see invisible, deformed body, poison resistance, slowness 2,
spit poison 1, naga tail 1, large bone plates 1, clarity, screaming 1
a: Spit Poison, Renounce Religion, Heroism, Finesse


You were on level 9 of the Dungeon.
You worshipped Okawaru.
Okawaru was greatly pleased with you.
You visited 2 branches of the dungeon, and saw 10 of its levels.

You collected 589 gold pieces.

Inventory:

Hand Weapons
 i - a +2 vorpal hand axe
 k - a +2 flail of protection
 l - a +0 scythe
 w - a +0 battleaxe
 B - a +3 vorpal war axe (weapon)
 C - a +1 morningstar of protection
Missiles
 e - 67 sling bullets
 m - 170 arrows
 n - 36 poisoned darts
 y - 39 bolts
Armour
 c - a +0 buckler (worn)
 h - a +2 cloak (worn)
 p - a +2 helmet of see invisible (worn)
 r - +0 acid dragon scales (worn)
 s - a +0 pair of gloves (worn)
 D - +0 steam dragon scales
Jewellery
 g - a ring of wizardry
 u - a +4 ring of evasion (right hand)
 v - an amulet of guardian spirit
 A - the amulet "Ewutseis" (around neck) {Acrobat Str+2}
   (You found it on level 5 of the Dungeon)

   [amulet of the acrobat]

   It increases your evasion while moving and waiting.
   Str:       It affects your strength (+2).
 E - the ring of the Traitor (left hand) {rF+ rN+++ Int-4}
   (You found it on level 8 of the Dungeon)

   [ring of protection from fire]

   Int:       It affects your intelligence (-4).
   rF:        It protects you from fire.
   rN:        It renders you almost immune to negative energy.
Wands
 b - a wand of paralysis (6) (quivered)
 z - a wand of digging (10)
Scrolls
 j - a scroll of enchant armour
 o - a scroll of silence
 q - 2 scrolls of teleportation
 F - a scroll of identify
Potions
 d - a potion of might
 f - 2 potions of curing
 t - 7 potions of ambrosia
 x - a potion of cancellation


   Skills:
 + Level 6.4 Fighting
 + Level 9.9(10.0) Axes
 + Level 2.1(6.6) Maces & Flails
 + Level 5.8 Armour
 + Level 4.4 Dodging
 + Level 3.7 Stealth
 + Level 5.2 Shields


You had 9 spell levels left.
You didn't know any spells.
Your spell library contained the following spells:

 Spells                   Type           Power      Damage    Failure   Level
 Beastly Appendage        Tmut           0%         N/A       56%         1
 Passwall                 Tmut/Erth      0%         N/A       71%         2
 Poisonous Vapours        Pois/Air       0%         N/A       71%         2
 Wereblood                Tmut           0%         N/A       71%         2
 Spider Form              Tmut/Pois      0%         N/A       90%         3
 Stone Arrow              Conj/Erth      0%         3d7       90%         3
 Lee's Rapid Deconstruct  Erth           0%         3d5*      100%        5
 Animate Armour           Summ/Erth      Unusable   N/A       N/A         4

Dungeon Overview and Level Annotations

Branches:
Dungeon (9/15)             Temple (1/1) D:5
   Lair: D:8-11         Orc: D:9-12

Altars:
Ashenzari
Cheibriados
Dithmenos
Elyvilon
Fedhas
Gozag
Hepliaklqana
Kikubaaqudgha
Makhleb
Nemelex Xobeh
Okawaru
Qazlal
Ru
Sif Muna
Trog
Uskayaw
Vehumet
Wu Jian
Xom
Yredelemnul
Zin
The Shining One


Innate Abilities, Weirdness & Mutations

Your serpentine skin is tough. (AC +3)
You have supernaturally acute eyesight. (SInv)
Armour fits poorly on your strangely shaped body.
Your system is resistant to poisons. (rPois)
You cover ground very slowly.
You can spit poison.
You have a snake-like lower body.
You are partially covered in large bone plates. (SH +4)
You possess an exceptional clarity of mind.
You occasionally shout uncontrollably at your foes.


Message History

You throw a throwing net.
The throwing net barely misses the two-headed ogre.
Throw: throwing net
Press: ? - help, Q - select action, (/) - cycle Shift-Dir - straight line, f/p - two-headed ogre
Aim: a two-headed ogre, wielding two +0 giant spiked clubs (lightly wounded, poisoned, 74% to hit)
You throw a throwing net.
The throwing net barely misses the two-headed ogre.
You have got your breath back.
You block the two-headed ogre's attack. The two-headed ogre barely misses you.
You hit the two-headed ogre.
The two-headed ogre is lightly wounded.
The two-headed ogre hits you with a +0 giant spiked club!!
You block the two-headed ogre's attack.
You slash the two-headed ogre!
The two-headed ogre is heavily wounded.
The two-headed ogre hits you with a +0 giant spiked club!!
The two-headed ogre hits you with a +0 giant spiked club!
* * * LOW HITPOINT WARNING * * *
Okay, then.
You are confused.
You feel invigorated. The two-headed ogre misses you.
The two-headed ogre completely misses you.
You barely miss the two-headed ogre.
The two-headed ogre is heavily wounded.
The two-headed ogre looks more healthy.
The two-headed ogre hits you with a +0 giant spiked club!
* * * LOW HITPOINT WARNING * * *
The two-headed ogre hits you with a +0 giant spiked club!!
* * * LOW HITPOINT WARNING * * *
Okay, then.
You are too confused!
You are too confused!
Okay, then.
You are too confused!
You closely miss the two-headed ogre.
The two-headed ogre is heavily wounded.
The two-headed ogre barely misses you.
The two-headed ogre hits you with a +0 giant spiked club!
You die...

#........# ##########'##
#...........###+########
#...........##..........
#.<.........##..........
#..........[.......<....
#............#.......... #
#............#.........( #
#............#@O........
###............#.....(....
..'......>.....#..........
###...........############
#############


You could see a two-headed ogre.

Vanquished Creatures
  A queen bee (D:9)
  A hornet (D:8)
  Sigmund (D:2)
  A vampire (D:8)
  Eustachio (D:4)
  A steam dragon (D:7)
  Menkaure (D:5)
  3 water moccasins
  An acid dragon (D:8)
  A hornet zombie (D:5)
  2 orc warriors
  A sky beast (D:6)
  2 ice beasts (D:6)
  An ogre (D:5)
  2 centaurs
  A bullfrog (D:8)
  A gnoll sergeant (D:6)
  4 scorpions
  A wyvern skeleton (D:7)
  A water moccasin zombie (D:6)
  25 killer bees (D:9)
  A water moccasin skeleton (D:5)
  4 howler monkeys
  A jelly (D:5)
  A hound (D:6)
  A centaur skeleton (D:7)
  2 gnoll shamans
  12 orc priests
  Terence (D:2)
  3 iguanas
  A scorpion zombie (D:5)
  6 orc wizards
  2 howler monkey zombies (D:8)
  Robin (D:4)
  A howler monkey skeleton (D:5)
  20 gnolls
  2 adders
  3 white imps
  An ufetubus (D:5)
  3 worms
  3 dart slugs
  37 orcs
  6 ball pythons
  6 bats
  7 endoplasms
  4 giant cockroaches
  16 hobgoblins
  5 jackals
  5 quokkas
  2 frilled lizards (D:3)
  20 goblins
  10 kobolds
  4 rats
244 creatures vanquished.

Notes
Turn   | Place    | Note
-------+----------+-------------------------------------------
     0 | D:1      | cheechan the Naga Fighter began the quest for the Orb.
     0 | D:1      | Reached XP level 1. HP: 21/21 MP: 1/1
   290 | D:1      | Reached XP level 2. HP: 21/28 MP: 2/2
   346 | D:1      | Found a faded altar of an unknown god.
   785 | D:2      | Noticed Terence
   796 | D:2      | Killed Terence
   797 | D:2      | Reached skill level 1 in Axes
   797 | D:2      | Reached XP level 3. HP: 8/34 MP: 3/3
  1183 | D:2      | Reached XP level 4. HP: 26/42 MP: 4/4
  1370 | D:2      | Noticed Sigmund
  1384 | D:2      | Killed Sigmund
  1385 | D:2      | Reached skill level 3 in Axes
  1385 | D:2      | Reached XP level 5. HP: 30/49 MP: 5/5
  1385 | D:2      | Reached XP level 6. HP: 35/56 MP: 6/6
  1557 | D:2      | Reached skill level 1 in Stealth
  2555 | D:3      | Reached skill level 1 in Dodging
  2810 | D:4      | Noticed Robin
  2829 | D:4      | Killed Robin
  3183 | D:4      | Reached skill level 4 in Axes
  3219 | D:4      | Reached XP level 7. HP: 30/62 MP: 7/7
  3499 | D:4      | Noticed Eustachio
  3559 | D:4      | Killed Eustachio
  3859 | D:5      | Entered Level 5 of the Dungeon
  3877 | D:5      | Reached skill level 5 in Axes
  3890 | D:5      | Found a staircase to the Ecumenical Temple.
  3891 | D:5      | Noticed Menkaure
  3906 | Temple   | Entered the Ecumenical Temple
  4002 | Temple   | Became a worshipper of Warmaster Okawaru
  4096 | D:5      | Got the Papyrus of Earthen Poison
  4134 | D:5      | Reached XP level 8. HP: 72/72 MP: 8/8
  4182 | D:5      | Identified the amulet "Ewutseis" {Acrobat Str+2}
  4194 | D:5      | Killed Menkaure
  4586 | D:5      | Gained mutation: You are partially covered in large bone
                  | plates. (SH +4) [potion of mutation]
  4586 | D:5      | Gained mutation: You occasionally shout uncontrollably at
                  | your foes. [potion of mutation]
  4586 | D:5      | Gained mutation: You possess an exceptional clarity of
                  | mind. [potion of mutation]
  4706 | D:5      | Reached * piety under Okawaru
  4707 | D:5      | Reached skill level 6 in Axes
  4908 | D:6      | Reached skill level 5 in Armour
  5095 | D:6      | Reached skill level 7 in Axes
  5095 | D:6      | Reached XP level 9. HP: 70/80 MP: 9/9
  5121 | D:6      | Reached ** piety under Okawaru
  5136 | D:6      | Reached skill level 5 in Fighting
  5472 | D:6      | Found a glowing silver altar of Zin.
  6178 | D:7      | Reached skill level 8 in Axes
  6677 | D:8      | Identified the ring of the Traitor {rF+ rN+++ Int-4}
  6886 | D:7      | Reached *** piety under Okawaru
  6887 | D:7      | Reached XP level 10. HP: 44/91 MP: 10/10
  7044 | D:8      | Paralysed by a hornet for 1 turns
  7048 | D:8      | Reached skill level 9 in Axes
  7945 | D:9      | Reached **** piety under Okawaru
  7963 | D:9      | Reached skill level 5 in Shields
  8242 | D:9      | Noticed a two-headed ogre
  8254 | D:9      | Slain by a two-headed ogre

Illustrated notes

Levels and vault maps discovered:
D:1:      dpeg_arrival_castle, layout_rooms, basic_ecumenical_altar,
          minmay_tetromino_i4
D:2:      minmay_razor_zed, layout_basic, uniq_terence, uniq_sigmund
D:3:      layout_basic
D:4:      corexii_shantytown, layout_basic, minivault_19, uniq_eustachio,
          uniq_robin
D:5:      layout_cave_pools, temple_fountains, uniq_menkaure
D:6:      layout_loops_corners, lemuel_coloured_pillars_altar
D:7:      layout_gridville, minmay_strange_pillars
D:8:      layout_basic, hangedman_decor_diamond_cutter, serial_bayou_pond_d
D:9:      layout_roguey [special_room_bee]
Temple:   grunt_wide_crystal_templ

Skill      XL: |  1  2  3  4  5  6  7  8  9 10 |
---------------+-------------------------------+-----
Axes           | 1 3 4 5 7 8 9 |  9.9
Armour         | 3 4 5 |  5.8
Shields        | 3 4 5 |  5.2
Stealth        | 1 2 3 |  3.7
Dodging        | 1 2 3 4 |  4.4
Fighting       | 4 6 |  6.4
Maces & Flails | |  2.1

Action                   |  1- 3 |  4- 6 |  7- 9 | 10-12 || total
-------------------------+-------+-------+-------+-------++-------
Melee: Flail             |    10 |       |       |       ||    10
       Hand axe          |    48 |   172 |   201 |       ||   421
       War axe           |       |       |   135 |   152 ||   287
Throw: Throwing net      |       |       |       |     2 ||     2
 Abil: Spit Poison       |     1 |     4 |     8 |     1 ||    14
  Use: Scroll            |     6 |     5 |     3 |     3 ||    17
       Potion            |       |       |     2 |     2 ||     4
Armor: Scale mail        |    29 |    89 |   127 |       ||   245
       Steam dragon scal |       |       |    20 |     8 ||    28
       Acid dragon scale |       |       |       |    48 ||    48
       Skin              |       |       |       |    42 ||    42
Dodge: Dodged            |    20 |    74 |   255 |    86 ||   435
Block: Buckler           |    13 |    35 |   140 |    80 ||   268

Table legend: (Time is in decaauts)
 A = Elapsed time spent in this place.
 B = Non-inter-level travel time spent in this place.
 C = Inter-level travel time spent in this place.
 D = Time resting spent in this place.
 E = Time spent auto-exploring this place.
 F = Levels seen in this place.
 G = Mean time per level.
                   A        B        C        D        E       F      G
               +--------+--------+--------+--------+--------+-----+--------+
         Total |  10567 |  10567 |      0 |   1549 |      0 |  10 | 1056.7 |
       Dungeon |  10355 |  10355 |      0 |   1498 |      0 |   9 | 1150.6 |
        Temple |    212 |    212 |      0 |     51 |      0 |   1 |  212.0 |
               +--------+--------+--------+--------+--------+-----+--------+

Top non-repeatable levels by time:
     D:4: 1582 daAuts
     D:6: 1575 daAuts
     D:2: 1398 daAuts
     D:3: 1214 daAuts
     D:8: 1122 daAuts
     D:5: 1066 daAuts
     D:1: 969 daAuts
     D:7: 901 daAuts
     D:9: 524 daAuts
  Temple: 212 daAuts
